 Dungeon Crawl Stone Soup version 0.26.1-15-g04117e645d (webtiles) character file.

Game seed: 5763415196153627505

137 Froggeryz the Chopper (level 5, -1/55 HPs)
             Began as an Octopode Berserker on Aug 18, 2022.
             Was a Believer of Trog.
             Slain by Sigmund
             ... wielding a +0 scythe
              (10 damage)
             ... on level 3 of the Dungeon.
             The game lasted 00:01:33 (2141 turns).

Froggeryz the Chopper (Octopode Berserker)          Turns: 2141, Time: 00:01:34

Health: -1/55      AC:  1    Str: 17    XL:     5   Next: 20%
Magic:  5/5        EV: 14    Int:  9    God:    Trog [**....]
Gold:   107        SH:  0    Dex: 12    Spells: 4/4 levels left

rFire    . . .     SeeInvis .   a - +0 hand axe
rCold    . . .     Faith    .   (no shield)
rNeg     . . .     Spirit   .   (helmet restricted)
rPois    .         Reflect  .   (no amulet)
rElec    .         Harm     .   (no ring)
rCorr    .         Rampage  .   (no ring)
Will     ++...                  (no ring)
Stlth    ..........             (no ring)
HPRegen  1.18/turn              (no ring)
MPRegen  0.09/turn              (no ring)
                                (no ring)
                                (no ring)

@: berserking, regenerating, very quick
A: almost no armour, stealthy swim, amphibious, 8 rings, constrict 8, camouflage
1, gelatinous body 1
a: Renounce Religion, Berserk, Trog's Hand


You were on level 3 of the Dungeon.
You worshipped Trog.
Trog was pleased with you.
You visited 1 branch of the dungeon, and saw 3 of its levels.

You collected 107 gold pieces.

Inventory:

Hand Weapons
 a - a +0 hand axe (weapon)
Missiles
 n - 3 javelins
Jewellery
 l - an uncursed amulet of the acrobat {unknown}
Wands
 o - a wand of paralysis (5)
Scrolls
 b - a scroll of random uselessness {unknown}
 c - 2 scrolls of amnesia {unknown}
 d - 2 scrolls of identify {unknown}
 e - a scroll of fear {unknown}
 i - a scroll of magic mapping {unknown}
 k - 2 scrolls of immolation {unknown}
Potions
 f - 2 potions of degeneration {unknown}
 g - 2 potions of cancellation {unknown}
 h - a potion of magic {unknown}
 j - 2 potions of heal wounds {unknown}
 m - a potion of curing {unknown}


   Skills:
 + Level 4.0 Fighting
 * Level 5.0 Axes
 - Level 3.0 Dodging


You had 4 spell levels left.
You didn't know any spells.
Your spell library was empty.

Dungeon Overview and Level Annotations

Branches:
Dungeon (3/15)

Altars:

Annotations:
D:3 Sigmund


Innate Abilities, Weirdness & Mutations

You cannot wear most types of armour.
You are very stealthy in the water. (Stealth+)
You are amphibious.
You can wear up to eight rings at the same time.
You can use your tentacles to constrict eight enemies at once.
Your skin changes colour to match your surroundings (Stealth+).
Your rubbery body absorbs attacks. (AC +1, EV +1)


Message History

Something hits you!
* * * LOW HITPOINT WARNING * * *
You barely miss Terence. Your grab misses Terence. You squeeze Terence!
Terence is severely wounded.
Terence barely misses you.
You hit Terence but do no damage. Your grab misses Terence.
Your squeeze misses Terence.
Terence is severely wounded.
Something barely misses you. Terence hits you with a +0 short sword.
* * * LOW HITPOINT WARNING * * *
You hit Terence.
You kill Terence!
Trog accepts your kill.
Your Fighting skill increases to level 4!
Your Axes skill increases to level 5!
You have reached level 5!
You feel stronger.
You barely miss the hobgoblin. You grab the hobgoblin.
You constrict the hobgoblin. Something hits you!
You die...

.. .......
###.#....... .#
###...#....... ...
##.....#....... #..##
?......#....!..
#....###...$.#.......
#...w.†###...........
#@go###..@......
###.............
###....####### ###..#
...# ....# ....##
.....# ....###


You could see a worm, an orc and a hobgoblin.

Vanquished Creatures
  Terence (D:3)
  6 adders
  A howler monkey skeleton (D:2)
  An ooze (D:2)
  2 worms (D:2)
  A leopard gecko (D:2)
  2 giant cockroaches
  6 goblins
  5 hobgoblins
  3 jackals (D:2)
  A quokka (D:3)
  5 bats
  A frilled lizard (D:2)
  6 kobolds
  3 rats
44 creatures vanquished.

Notes
Turn   | Place    | Note
-------+----------+-------------------------------------------
     0 | D:1      | Froggeryz the Octopode Berserker began the quest for the
                  | Orb.
     0 | D:1      | Reached XP level 1. HP: 16/16 MP: 1/1
   168 | D:1      | Reached XP level 2. HP: 8/21 MP: 2/2
  1158 | D:2      | Reached XP level 3. HP: 16/26 MP: 3/3
  1283 | D:2      | Reached skill level 4 in Axes
  1610 | D:2      | Reached XP level 4. HP: 33/33 MP: 4/4
  1621 | D:2      | Reached ** piety under Trog
  2117 | D:3      | Noticed Sigmund
  2119 | D:3      | Noticed Terence
  2140 | D:3      | Killed Terence
  2141 | D:3      | Reached skill level 5 in Axes
  2141 | D:3      | Reached XP level 5. HP: 8/37 MP: 5/5
  2141 | D:3      | Slain by Sigmund

Illustrated notes

Levels and vault maps discovered:
D:1:      nzn_arrival_depleted_hourglass, layout_loops_corners,
          minmay_close_crescents
D:2:      layout_basic, grunt_ministairs_14
D:3:      layout_basic, gammafunk_ghost_cemetery, minmay_unequal, uniq_sigmund,
          uniq_terence

Skill      XL: |  1  2  3  4 |
---------------+-------------+-----
Axes           | 4 5 |  5.0
Fighting       | 4 |  4.0
Dodging        | |  3.0

Action                   |  1- 3 |  4- 6 || total
-------------------------+-------+-------++-------
Melee: Hand axe          |    51 |    43 ||    94
       Constrict         |    15 |    11 ||    26
       Tentacles         |    12 |     9 ||    21
Invok: Trog's Hand       |       |     2 ||     2
       Berserk           |       |     1 ||     1
 Stab: Sleeping          |     3 |     2 ||     5
Armor: Skin              |     1 |     4 ||     5
Dodge: Dodged            |    29 |    37 ||    66
